 Dungeon Crawl Stone Soup version 0.32-a0-306-gfed3edf829 (webtiles) character file.

Game seed: 6561280550651661539

284 zeratav the Sneak (level 6, -4/45 HPs)
             Began as an Octopode Shapeshifter on Feb 15, 2024.
             Was an Initiate of Gozag.
             Slain by a gnoll
             ... wielding a +0 flail
              (7 damage)
             ... on level 5 of the Dungeon.
             The game lasted 00:04:07 (3189 turns).

zeratav the Sneak (Octopode Shapeshifter)           Turns: 3189, Time: 00:04:08

Health: -4/45      AC:  1    Str: 15    XL:     6   Next: 29%
Magic:  0/6        EV: 13    Int: 13    God:    Gozag
Gold:   172        SH:  0    Dex: 11    Spells: 5/5 levels left

rFire   + .          .
                       - Unarmed
rCold   + . .        (no shield)
rNeg    . . .        (helmet currently unavailable)
rPois   +            r - amulet of guardian spirit
rElec   .            m - ring of poison resistance
rCorr   .            q - ring of protection from fire
SInv    .            u - ring of protection from cold
Will    .....        (no ring)
Stlth   ++++         (no ring)
HPRegen 0.27/turn    (no ring)
MPRegen 0.10/turn    (no ring)
                     (no ring)

%: guardian spirit
@: mighty, beast-form
A: beast (slay +1), almost no armour, amphibious, 8 rings, camouflage 1,
gelatinous body 1, (nimble swimmer 1), tentacles
a: Begin Untransformation, Renounce Religion, Potion Petition, Call Merchant,
Bribe Branch


You were on level 5 of the Dungeon.
You worshipped Gozag.
Gozag was aware of your devotion.
You were a hulking beast.
You visited 2 branches of the dungeon, and saw 6 of its levels.

You collected 227 gold pieces.
You paid 55 gold pieces to Gozag.


Innate Abilities, Weirdness & Mutations

You are a hulking beast.
Your limbs bulge with bestial killing power. (Slay +1)
You cannot wear most types of armour.
You are amphibious.
You can wear up to eight rings at the same time.
Your skin changes colour to match your surroundings (Stealth+).
Your rubbery body absorbs attacks. (AC +1, EV +1)
((You are camouflaged when in or above water. (Stealth+)))
You have tentacles for arms and can constrict up to eight enemies at once.


   Skills:
 + Level 4.9 Fighting
 - Level 2.0 Dodging
 - Level 5.0 Stealth
 - Level 3.0 Unarmed Combat
 - Level 3.0 Shapeshifting


You had 5 spell levels left.
You didn't know any spells.
Your spell library contained the following spells:

 Spells                   Type           Power      Damage    Failure   Level
 Volatile Blastmotes      Fire/Tloc      0%         2d10      67%         3
 Fulminant Prism          Conj/Alch      0%         3d5       97%         4
 Iskenderun's Mystic Bla  Conj/Tloc      0%         2d3       97%         4

Inventory:

Hand Weapons
 t - the +7 short sword of Vust {heavy, Will++ MP+9 Dex-3 Stlth+, short}
   (You found it on level 5 of the Dungeon)

   Dex-3:     It affects your dexterity (-3).
   Will++:    It greatly increases your willpower.
   MP+9:      It affects your magic capacity (+9).
   Stlth+:    It makes you more stealthy.
Jewellery
 m - a ring of poison resistance (left tentacle)
   (You found it on level 1 of the Dungeon)
 q - a ring of protection from fire (right tentacle)
   (You found it on level 3 of the Dungeon)
 r - an amulet of guardian spirit (around mantle)
   (You found it on level 3 of the Dungeon)
 u - a ring of protection from cold (on tentacle)
   (You found it on level 3 of the Dungeon)
Talismans
 b - a beast talisman (active)
 c - a flux talisman
 o - a blade talisman
   (You found it on level 3 of the Dungeon)
Wands
 f - a wand of charming (15)
   (You found it on level 5 of the Dungeon)
 p - a wand of polymorph (8)
   (You found it on level 3 of the Dungeon)
Scrolls
 k - 2 scrolls of teleportation {@r4}
 n - 2 scrolls of blinking {!r}
 s - a scroll of amnesia
Potions
 a - 4 potions of lignification {!q}
 d - a potion of magic {unknown}
 e - 2 potions of attraction {unknown}
 h - a potion of might
 i - 3 potions of curing {@q1}
 j - a potion of cancellation {unknown}
 l - a potion of enlightenment {unknown}

Dungeon Overview and Level Annotations

Branches:
Dungeon (5/15) Zot: 26754  Temple (1/1) D:4 Zot: 5869

Altars:
Dithmenos
Gozag
Kikubaaqudgha
Qazlal
Ru
Vehumet
Xom
Zin
The Shining One

Shops:
D:5 *

Annotations:
D:2 Sigmund
D:5 exclusion: black bear
Temple 2 transporters

........ . .#...
#.....## ..
.....###......###...
.......#..$.........
.##...... #...# .# ..
........ #...#..# ...
......c###.§§...#
...###.....§§##g#...#
....#...##§chg######
# # .........##g§###
# #. ##..#...##§§§.#
. #.##......#....## .
.#................ #
.......#....#...####
##..#...#....##..##
....#.. ##......##
...... #.......#


You could see a centaur and 3 gnolls.


Message History

Found a stone staircase leading down.
Search for what [Enter for "goz", or ? for help]? dart Can't find anything matching that.
Found a stone staircase leading down.
f - a wand of charming (15)
You see here 4 stones {throwing}.
A gnoll comes into view. It is wielding a +0 club.
A gnoll comes into view. It is wielding a +0 flail.
The helpless gnoll fails to defend itself.
You bludgeon the gnoll! You grab the gnoll. You constrict the gnoll.
The gnoll misses you.
You tentacle-slap the gnoll.
You kill the gnoll!
HP[+1]
You now have 45 max hp (+1).
Your hp is fully restored (45).
The gnoll shouts!
The gnoll barely misses you.
You tentacle-slap the gnoll. You grab the gnoll.
You squeeze the gnoll, but do no damage.
You constrict the gnoll. The gnoll hits you with a +0 flail.
HP[-1] MP[-1]
You take 1 damage, and now have 44/45 hp.
You lost 1 mp, and now have 5/6 mp.
You tentacle-slap the gnoll. You squeeze the gnoll.
You kill the gnoll!
HP[+1]
Your hp is fully restored (45).
No target in view!
You now have 163 gold pieces (gained 9).
You see here a +0 flail {mace}.
You now have 172 gold pieces (gained 9).
You see here a +0 club {mace}.
You hear a distant slurping noise.
n - 2 scrolls of blinking {!r} (gained 1)
You hear a distant slurping noise.
t - the +7 short sword of Vust {heavy, Will++ MP+9 Dex-3 Stlth+, short} MP[+1]
Your mp is fully restored (6).
A gnoll comes into view. It is wielding a +0 whip.
A gnoll is nearby!
A gnoll comes into view. It is wielding a +0 flail.
A gnoll and a centaur come into view.
The gnoll shouts! x3
The centaur shouts!
The centaur wields a +0 orcbow.
The centaur shoots an arrow.
The arrow hits you.
HP[-5] MP[-1]
You take 5 damage, and now have 40/45 hp.
You lost 1 mp, and now have 5/6 mp.
HP[+1]
The centaur shoots an arrow.
The arrow hits you!
The centaur shoots an arrow.
The arrow hits you.
* * * LOW HITPOINT WARNING * * *
HP[-20] MP[-2]
You take 20 damage, and now have 21/45 hp.
MASSIVE DAMAGE!! (PAUSE)
You lost 2 mp, and now have 3/6 mp.
As you read the scroll of fog, it dissolves into smoke.
The gnoll hits you with a +0 whip.
* * * LOW HITPOINT WARNING * * *
HP[-2] MP[-1]
You take 2 damage, and now have 19/45 hp.
You lost 1 mp, and now have 2/6 mp.
You tentacle-slap the gnoll. You grab the gnoll. You constrict the gnoll.
The gnoll barely misses you.
You release your grip on the gnoll.
The centaur unwields a +0 orcbow.
The centaur barely misses you. The centaur misses you. The centaur hits you.
* * * LOW HITPOINT WARNING * * *
The centaur kicks you.
* * * LOW HITPOINT WARNING * * *
HP[-3] MP[-2]
You take 3 damage, and now have 16/45 hp.
You lost 2 mp, and now have 0/6 mp.
You barely miss the centaur. You squeeze the centaur. The centaur hits you.
* * * LOW HITPOINT WARNING * * *
The centaur kicks you but does no damage.
HP[-4]
You take 4 damage, and now have 12/45 hp.
You tentacle-slap the centaur. Your squeeze misses the centaur.
The centaur hits you.
* * * LOW HITPOINT WARNING * * *
The centaur closely misses you. The gnoll hits you but does no damage.
The centaur hits you.
* * * LOW HITPOINT WARNING * * *
The centaur kicks you but does no damage.
HP[-7]
You take 7 damage, and now have 5/45 hp.
It was a potion of curing.
You feel better. The centaur barely misses you. The centaur closely misses you.
HP[+6]
You regained 6 hp, and now have 11/45 hp.
It was a potion of might.
You feel very mighty all of a sudden. The centaur barely misses you.
The centaur kicks you.
* * * LOW HITPOINT WARNING * * *
The gnoll barely misses you. The centaur hits you.
* * * LOW HITPOINT WARNING * * *
The centaur closely misses you. The gnoll hits you with a +0 flail!
You die...
Your body crumbles into a pile of gold.

Skill      XL: |  1  2  3  4  5 |
---------------+----------------+-----
Stealth        | 2 3 5 |  5.0
Fighting       | 2 4 |  4.9
Dodging        | |  2.0
Unarmed Combat | |  3.0
Shapeshifting  | |  3.0

Action                     |  1- 3 |  4- 6 || total
---------------------------+-------+-------++-------
  Melee: Unarmed           |    52 |    84 ||   136
         Tentacles         |     7 |    21 ||    28
         Constrict         |    12 |    23 ||    35
         Punch             |     1 |     1 ||     2
    Use: Scroll            |       |     7 ||     7
         Potion            |       |     2 ||     2
   Stab: Sleeping          |     8 |    13 ||    21
 Armour: Skin              |    16 |    41 ||    57
  Dodge: Dodged            |    19 |    43 ||    62

Levels and vault maps discovered:
D:1:      ebering_trefoil_twist, layout_basic,
          hellmonk_ecumenical_altar_prayer_group, minmay_close_crescents
D:2:      minmay_wonky_spiral, layout_loops_corners, basic_altar, uniq_sigmund
D:3:      layout_rooms
D:4:      layout_basic, general_overflow_altar, minmay_temple_entry_mini_moons
D:5:      layout_cave_pools, zin_purify, lemuel_blue_sif_altar,
          serial_gnoll_camp, gnoll_camp_huts_basic, gnoll_camp_mini_hut,
          gnoll_camp_mini_house, gnoll_camp_mini_shop, minmay_lizard_king,
          uniq_grinder
Temple:   hellmonk_temple_divided_pantheon

Notes
Turn   | Place    | Note
-------+----------+-------------------------------------------
     0 | D:1      | zeratav the Octopode Shapeshifter began the quest for the
                  | Orb.
     0 | D:1      | Reached XP level 1. HP: 13/13 MP: 1/1
     0 | D:1      | magus.rc [v1.9.6]
    33 | D:1      | Reached skill level 1 in Stealth
    36 | D:1      | Reached skill level 2 in Stealth
    42 | D:1      | HP: 3/13 [frozen (2)]
    44 | D:1      | Reached XP level 2. HP: 5/18 MP: 2/2
   123 | D:1      | You fall into a shaft and drop 1 floor!
   241 | D:2      | Reached skill level 3 in Stealth
   284 | D:2      | Found a radiant altar of Vehumet.
   456 | D:1      | Reached XP level 3. HP: 23/23 MP: 3/3
   541 | D:1      | Reached skill level 4 in Stealth
   901 | D:1      | Found a faded altar of an unknown god.
   991 | D:1      | Reached skill level 5 in Stealth
  1074 | D:1      | Reached XP level 4. HP: 26/28 MP: 4/4
  1459 | D:2      | You pick up a book of Blasting and begin reading...
  1459 | D:2      | You add the spells Volatile Blastmotes, Fulminant Prism and
                  | Iskenderun's Mystic Blast to your library.
  1655 | D:2      | Noticed Sigmund
  1950 | D:3      | Reached skill level 2 in Fighting
  2070 | D:3      | Identified the +1 whip "Ceonkoimn" {drain, Dex+3}
  2522 | D:4      | Reached XP level 5. HP: 35/36 MP: 5/5
  2528 | D:4      | Reached skill level 3 in Fighting
  2595 | D:4      | Found a staircase to the Ecumenical Temple.
  2604 | Temple   | Found a transporter.
  2604 | Temple   | Found a transporter.
  2604 | Temple   | Found a transporter.
  2604 | Temple   | Found a transporter.
  2604 | Temple   | Entered the Ecumenical Temple
  2718 | Temple   | Became a worshipper of Gozag Ym Sagoz the Greedy
  2807 | D:4      | Reached skill level 4 in Fighting
  2920 | D:4      | Found a shimmering altar of Xom.
  2943 | D:5      | Entered Level 5 of the Dungeon
  2943 | D:5      | Found Zin's Purification Station.
  2943 | D:5      | Found a glowing silver altar of Zin.
  2964 | D:5      | Reached XP level 6. HP: 29/44 MP: 6/6
  3076 | D:5      | Noticed a black bear
  3170 | D:5      | Identified the +7 short sword of Vust {heavy, Will++ MP+9
                  | Dex-3 Stlth+}
  3187 | D:5      | HP: 11/45 [centaur (1)]
  3187 | D:5      | HP: 5/45 [centaur (6)]
  3189 | D:5      | Slain by a gnoll

Vanquished Creatures
  A scorpion (D:4)
  A hound (D:5)
  An iguana (D:5)
  2 gnolls (D:5)
  2 adders (D:4)
  2 ribbon worms
  3 dart slugs
  5 orcs (D:4)
  8 endoplasms
  2 giant cockroaches
  5 goblins
  6 hobgoblins
  7 kobolds
  3 quokkas
  8 ball pythons
  4 bats
  2 frilled lizards (D:1)
  7 rats
69 creatures vanquished.

Table legend:
 A = Non-vault XP
 B = Vault XP
 C = Vault XP percentage of total XP
 D = Non-vault monster count
 E = Vault monster count
 F = Vault count percentage of total count
                 A         B        C        D         E       F
            +---------+---------+-------+---------+---------+-------
      Total |     364 |      42 |  10.3 |      62 |       7 |  10.1
            +---------+---------+-------+---------+---------+-------
        D:1 |      53 |      12 |  18.5 |      21 |       5 |  19.2
        D:2 |      33 |       0 |   0.0 |      11 |       0 |   0.0
        D:3 |      24 |       0 |   0.0 |       8 |       0 |   0.0
        D:4 |     171 |       0 |   0.0 |      20 |       0 |   0.0
        D:5 |      83 |      30 |  26.5 |       2 |       2 |  50.0
            +---------+---------+-------+---------+---------+-------

Skill      XL: |  1  2  3  4  5 |
---------------+----------------+-----
Stealth        | 2 3 5 |  5.0
Fighting       | 2 4 |  4.9
Dodging        | |  2.0
Unarmed Combat | |  3.0
Shapeshifting  | |  3.0

Action                     |  1- 3 |  4- 6 || total
---------------------------+-------+-------++-------
  Melee: Unarmed           |    52 |    84 ||   136
         Tentacles         |     7 |    21 ||    28
         Constrict         |    12 |    23 ||    35
         Punch             |     1 |     1 ||     2
    Use: Scroll            |       |     7 ||     7
         Potion            |       |     2 ||     2
   Stab: Sleeping          |     8 |    13 ||    21
 Armour: Skin              |    16 |    41 ||    57
  Dodge: Dodged            |    19 |    43 ||    62

Illustrated notes

Table legend:
 A = Kills in this place as a percentage of kills in the entire game.
 B = Kills by you in this place as a percentage of kills by you in the entire game.
 C = Kills by friends in this place as a percentage of kills by friends in the entire game.
 D = Other kills in this place as a percentage of other kills in the entire game.
 E = Experience gained in this place as a percentage of experience gained in the entire game.
 F = Experience gained in this place divided by the number of levels of this place that you have seen.
                   A       B       C       D       E      F
               +-------+-------+-------+-------+-------+----------------------
         Total | 100.0 | 100.0 |   N/A |   N/A | 100.0 |  67.7
       Dungeon | 100.0 | 100.0 |   N/A |   N/A | 100.0 |  81.2
               +-------+-------+-------+-------+-------+----------------------

Table legend: (Time is in decaauts)
 A = Elapsed time spent in this place.
 B = Non-inter-level travel time spent in this place.
 C = Inter-level travel time spent in this place.
 D = Time resting spent in this place.
 E = Time spent auto-exploring this place.
 F = Levels seen in this place.
 G = Mean time per level.
                   A        B        C        D        E       F      G
               +--------+--------+--------+--------+--------+-----+--------+
         Total |   3178 |   2945 |    233 |    154 |   2323 |   6 |  529.7 |
       Dungeon |   3048 |   2831 |    217 |     54 |   2323 |   5 |  609.6 |
        Temple |    130 |    115 |     15 |    100 |      0 |   1 |  130.0 |
               +--------+--------+--------+--------+--------+-----+--------+

Top non-repeatable levels by time:
     D:1: 920 daAuts
     D:2: 852 daAuts
     D:4: 614 daAuts
     D:3: 415 daAuts
     D:5: 244 daAuts
  Temple: 130 daAuts
